 Dungeon Sprint DCSS version 0.32-a0-834-geaf45d8e21 (webtiles) character file.

Game seed: 8527295345930457281

831 rocky1 the Cleaver (level 7, -5/102 HPs)
             Began as a Mountain Dwarf Gladiator on Mar 26, 2024.
             Was an Initiate of Gozag.
             Slain by a green draconian monk (7 damage)
             ... in the Dungeon (Sprint VII: "The Pits").
             The game lasted 00:06:44 (1461 turns).

rocky1 the Cleaver (Mountain Dwarf Gladiator)       Turns: 1461, Time: 00:06:46

Health: -5/102     AC: 26    Str: 22    XL:     7   Next: 65%
Magic:  7/7        EV:  2    Int:  8    God:    Gozag
Gold:   822        SH:  0    Dex: 11    Spells: 6/6 levels left

rFire   + . .        b - +2 war axe (drain)
rCold   + . .        (no shield)
rNeg    . . .        w - melded +3 plate armour
rPois   +            v - melded +0 helmet
rElec   +            (cloak currently unavailable)
rCorr   +            (gloves currently unavailable)
SInv    .            u - melded +0 pair of boots
Will    .....        (no amulet)
Stlth   +            r - +3 ring of protection
HPRegen 0.37/turn    s - +3 ring of strength
MPRegen 0.10/turn

%: no teleportation
@: mighty, tree-form, resistant, gold aura, on berserk cooldown, slowed, very
slow
A: stationary, stasis, torment immunity, boosted hp, runic magic, artefact
enchanting
a: End Transformation, Renounce Religion, Potion Petition, Call Merchant, Bribe
Branch


You were in the Dungeon.
You worshipped Gozag.
Gozag was pleased with you.
You were a tree.
You visited 1 branch You collected 1422 gold pieces.
You paid 600 gold pieces to Gozag.

Inventory:

Hand Weapons
 a - a +0 war axe
 b - a +2 war axe of draining (weapon)
 c - a +2 dire flail of protection
 q - a +1 mace of protection
Missiles
 d - 3 throwing nets (quivered)
 e - a javelin
Armour
 u - a +0 pair of boots (melded)
 v - a +0 helmet (melded)
 w - a +3 plate armour (melded)
Jewellery
 r - a +3 ring of protection (left branch)
 s - a +3 ring of strength (right branch)
Scrolls
 k - a scroll of blinking
 m - 2 scrolls of vulnerability
 n - 5 scrolls of amnesia
 o - a scroll of butterflies
Potions
 f - 8 potions of curing
 g - 3 potions of heal wounds
 h - 5 potions of haste
 i - 4 potions of magic
 j - 2 potions of berserk rage
 l - 2 potions of invisibility
 t - a potion of resistance


   Skills:
 + Level 8.1 Fighting
 * Level 14.1 Axes
 - Level 3.6 Throwing
 + Level 5.9 Armour
 + Level 5.9 Dodging
 - Level 0.4 Stealth


You had 6 spell levels left.
You didn't know any spells.
Your spell library was empty.

Dungeon Overview and Level Annotations

Branches:
Dungeon (1/1)

Altars:
Ashenzari
Cheibriados
Dithmenos
Elyvilon
Fedhas
Gozag
Hepliaklqana
Kikubaaqudgha
Makhleb
Nemelex Xobeh
Okawaru
Qazlal
Ru
Sif Muna
Trog
Uskayaw
Vehumet
Wu Jian
Xom
Yredelemnul
Zin
The Shining One
Beogh
Jiyva
Lugonu


Innate Abilities, Weirdness & Mutations

You are a tree.
Your roots penetrate the ground, keeping you stationary.
You cannot be teleported.
You are immune to unholy pain and torment.
Your maximum health is greatly increased.
Your equipment is partially melded.
Your spellcasting is much less encumbered by armour.
You can use scrolls of enchantment on lesser artefacts.


Message History

You are no longer berserk.
You are exhausted.
You feel as though you will be slow longer.
The golden eye blinks at you.
You easily resist.
The deep elf archer is distracted by your dazzling golden aura.
You feel much better.
The deep elf archer is no longer distracted by gold.
The golden eye blinks at you. You resist with almost no effort.
The deep elf knight wields a +0 shortbow.
The deep elf knight shoots an arrow.
The arrow hits you!
* * * LOW HITPOINT WARNING * * *
The green draconian monk hits you.
* * * LOW HITPOINT WARNING * * *
The green draconian monk kicks you but does no damage.
The green draconian monk barely misses you.
The green draconian monk tail-slaps you but does no damage.
The golden eye is distracted by your dazzling golden aura.
The deep elf knight shoots an arrow.
The arrow hits you but does no damage.
The green draconian monk slips past you!
The green draconian monk hits you!
* * * LOW HITPOINT WARNING * * *
The green draconian monk kicks you but does no damage.
The green draconian monk tail-slaps you but does no damage. x2
You feel better.
The golden eye is no longer distracted by gold.
The air elemental hits you.
* * * LOW HITPOINT WARNING * * *
The air elemental hits you.
* * * LOW HITPOINT WARNING * * *
The deep elf knight unwields a +0 shortbow.
The deep elf knight hits you.
* * * LOW HITPOINT WARNING * * *
The green draconian monk hits you!
* * * LOW HITPOINT WARNING * * *
The green draconian monk kicks you but does no damage.
The green draconian monk tail-slaps you!
You die...
Your body crumbles into a pile of gold.

##############..#....#..
............''..........
............''..........
#######+##..##..#....#..
#..##..........
#..##..........
#..####''####++
#..####qe###
#..##.°♣e.c#
##########..##.#E##.#
.......... #.#G['.#
.......... # 'X.# #
#''###### #)=+ #''######
+||# ........# ##+#
.#......# ........+


You could see a green draconian monk (drained), a deep elf archer (repels
missiles), a deep elf knight (fast), a large abomination, a yaktaur, an air
elemental and a golden eye shaped shifter.

Vanquished Creatures
  A glass eye (D)
  A warg (D)
  A steam dragon (D)
  A centaur (D)
  2 phantoms (D)
  A brain worm (D)
  A crimson imp (D)
  2 hounds (D)
  An iguana (D)
  An adder (D)
  An adder skeleton (D)
  An adder simulacrum (D)
  An orc (D)
  A bat (D)
  An endoplasm (D)
  A giant cockroach (D)
  2 jackals (D)
  A kobold (D)
  2 quokkas (D)
  A frilled lizard (D)
  A quokka zombie (D)
  A rat (D)
26 creatures vanquished.

Notes
Turn   | Place    | Note
-------+----------+-------------------------------------------
     0 | D        | rocky1 the Mountain Dwarf Gladiator began the quest for the
                  | Orb.
     0 | D        | Reached XP level 1. HP: 17/17 MP: 1/1
    41 | D        | Found a bloodstained altar of Trog.
    41 | D        | Found a shimmering blue altar of Sif Muna.
    41 | D        | Found a viscous altar of Jiyva.
    41 | D        | Found a hazy altar of Hepliaklqana.
    41 | D        | Found an opulent altar of Gozag.
    42 | D        | Found a glowing golden altar of the Shining One.
    42 | D        | Found a glowing silver altar of Zin.
    42 | D        | Found a basalt altar of Yredelemnul.
    42 | D        | Found a shimmering altar of Xom.
    42 | D        | Found an ornate altar of the Wu Jian Council.
    42 | D        | Found a sacrificial altar of Ru.
    42 | D        | Found a stormy altar of Qazlal.
    42 | D        | Found an iron altar of Okawaru.
    42 | D        | Found a sparkling altar of Nemelex Xobeh.
    42 | D        | Found a burning altar of Makhleb.
    42 | D        | Found a blossoming altar of Fedhas.
    42 | D        | Found a white marble altar of Elyvilon.
    42 | D        | Found a shadowy altar of Dithmenos.
    42 | D        | Found a snail-covered altar of Cheibriados.
    45 | D        | Found a corrupted altar of Lugonu.
    45 | D        | Found a radiant altar of Vehumet.
    45 | D        | Found a roughly hewn altar of Beogh.
    46 | D        | Found an ancient bone altar of Kikubaaqudgha.
    46 | D        | Found a hide-covered altar of Uskayaw.
    46 | D        | Found a broken altar of Ashenzari.
    49 | D        | Became a worshipper of Gozag Ym Sagoz the Greedy
    62 | D        | Reached skill level 4 in Axes
    83 | D        | Reached skill level 5 in Axes
    83 | D        | Reached XP level 2. HP: 14/25 MP: 2/2
    99 | D        | HP: 1/25 [iguana (4)]
   102 | D        | Reached skill level 6 in Axes
   102 | D        | Reached XP level 3. HP: 31/31 MP: 3/3
   174 | D        | Noticed a phantom
   175 | D        | Noticed a warg
   176 | D        | Noticed a phantom
   194 | D        | Killed a phantom
   195 | D        | Reached skill level 8 in Axes
   195 | D        | Reached skill level 1 in Armour
   195 | D        | Reached XP level 4. HP: 33/41 MP: 4/4
   205 | D        | Killed a warg
   206 | D        | Reached skill level 5 in Fighting
   206 | D        | Reached skill level 11 in Axes
   206 | D        | Reached XP level 5. HP: 24/50 MP: 5/5
   207 | D        | Reached XP level 6. HP: 27/57 MP: 6/6
   226 | D        | Reached skill level 12 in Axes
   935 | D        | Reached skill level 5 in Dodging
   996 | D        | Noticed a glass eye
  1023 | D        | Killed a glass eye
  1024 | D        | Reached skill level 13 in Axes
  1024 | D        | Reached skill level 5 in Armour
  1024 | D        | Reached XP level 7. HP: 66/66 MP: 7/7
  1172 | D        | Noticed a steam dragon
  1182 | D        | Killed a steam dragon
  1183 | D        | Reached skill level 14 in Axes
  1443 | D        | Noticed a large abomination
  1443 | D        | Noticed an air elemental
  1443 | D        | Noticed a green draconian monk
  1443 | D        | Noticed a queen bee
  1443 | D        | Noticed a yaktaur
  1443 | D        | Noticed a deep elf knight
  1443 | D        | Noticed a deep elf archer
  1444 | D        | Paralysed by an air elemental for 1 turns
  1447 | D        | a queen bee changed into a golden eye
  1447 | D        | Noticed a golden eye (shapeshifter)
  1461 | D        | HP: 2/102 [green draconian monk (10)]
  1461 | D        | Slain by a green draconian monk

Illustrated notes

Levels and vault maps discovered:
D:        pitsprint [storerooms_1, entrance_room_1, metal_vault_1, armoury_3,
          mini_pit_1, grid_room_1, main_hall_1, silver_pit, the_coven_3,
          the_vestibule_1, steel_vault_2, golden_pit, hallway_of_sentries,
          crystal_vault_4, iron_vault_5, final_vault]

Skill      XL: |  1  2  3  4  5  6  7 |
---------------+----------------------+-----
Axes           | 5 6 8 11 13 14 | 14.1
Dodging        | 3 4 5 |  5.9
Fighting       | 3 4 5 7 8 |  8.1
Throwing       | 2 3 |  3.6
Armour         | 1 3 5 |  5.9
Stealth        | |  0.4

Action                     |  1- 3 |  4- 6 |  7- 9 || total
---------------------------+-------+-------+-------++-------
  Melee: War axe           |    42 |    67 |    23 ||   132
 Invoke: Potion Petition   |       |       |     1 ||     1
    Use: Potion            |     1 |     1 |     3 ||     5
   Stab: Sleeping          |     1 |       |       ||     1
 Armour: Leather armour    |    20 |       |       ||    20
         Chain mail        |     8 |    43 |    14 ||    65
         Skin              |       |       |    46 ||    46
         Plate armour      |       |       |     1 ||     1
  Dodge: Dodged            |    36 |    22 |     5 ||    63

Table legend: (Time is in decaauts)
 A = Elapsed time spent in this place.
 B = Non-inter-level travel time spent in this place.
 C = Inter-level travel time spent in this place.
 D = Time resting spent in this place.
 E = Time spent auto-exploring this place.
 F = Levels seen in this place.
 G = Mean time per level.
                   A        B        C        D        E       F      G
               +--------+--------+--------+--------+--------+-----+--------+
         Total |   1459 |   1390 |     69 |    854 |      0 |   1 | 1459.0 |
       Dungeon |   1459 |   1390 |     69 |    854 |      0 |   1 | 1459.0 |
               +--------+--------+--------+--------+--------+-----+--------+

Top non-repeatable levels by time:
       D: 1459 daAuts
